Map: Prion Terraces

Players

Redline

  • Race: Terran Terran
  • League: Bronze

juhyg - Winner!

  • Race: Zerg Zerg
  • League: Bronze

VOD

Have the link to the VOD?

Description

Time

  • Played on: Nov. 19, 2015, 7:34 p.m.
  • Length: 9:26
Show
View Real Time Build Order
Export as new Build Order

Redline Terran 

Build Orders: Reaper Expand 

Get SALT Encoding   

  12  0:02  SCV  
  13  0:12  Refinery  
  13  0:16  SCV  
  14  0:33  Supply Depot, SCV  
  15  0:56  Barracks  
  15  0:59  SCV  
  16  1:04  Barracks  
  16  1:11  SCV  
  17  1:46  Reaper  
  18  1:58  Reaper  
  18  2:00  Command Center  
  18  2:05  Orbital Command  
  18  2:21  Reaper  
  19  2:48  Command Center  
  19  2:56  Engineering Bay  
  19  3:02  Reaper x2  
  21  3:17  SCV  
  19  3:43  Reaper  
  19  3:44  Reaper  
  21  3:54  Refinery  
  21  4:03  Orbital Command  
  21  4:15  Reaper  
  22  4:31  Reaper  
  23  4:48  Reaper  
  23  5:05  Planetary Fortress  
  21  5:28  Terran Infantry Weapons Level 1  
  21  5:41  Barracks Reactor  
  21  5:46  Barracks Reactor  
  21  5:47  SCV  
  21  6:17  SCV  
  22  6:28  SCV  
  22  6:29  SCV  
  22  6:30  SCV  
  25  6:38  Missile Turret x2  
  24  6:40  SCV  
  24  6:42  SCV  
  26  6:54  SCV  
  27  7:00  Reaper x2  
  29  7:12  Refinery  
  29  7:13  Refinery  
  29  7:26  Reaper  
  29  7:27  Factory, Reaper  
  31  7:33  Reaper x2  
  31  7:34  Missile Turret  
  33  7:37  Missile Turret  
  33  7:41  Missile Turret, SCV  
  34  7:53  SCV  
  35  7:58  Marine x2  
  35  8:04  Marine  
  35  8:05  SCV  
  37  8:22  Reaper x3  
  40  8:33  Factory Tech Lab  
  16  9:06  SCV x2  
Show
View Real Time Build Order
Export as new Build Order

juhyg Zerg - Winner!

Build Orders: Pool First 

Get SALT Encoding   

  12  0:08  Overlord  
  12  0:15  Drone  
  13  0:33  Drone  
  13  0:34  Drone x2  
  16  0:43  Spawning Pool  
  16  0:47  Drone  
  16  0:54  Extractor  
  15  0:57  Drone  
  16  1:07  Drone  
  17  1:18  Drone  
  18  1:33  Queen  
  18  1:34  Drone  
  18  1:39  Zergling x2  
  22  1:50  Overlord  
  22  2:06  Overlord  
  22  2:27  Drone  
  22  2:28  Extractor  
  22  2:30  Drone  
  22  2:31  Roach Warren  
  22  2:41  Drone  
  22  2:43  Lair  
  23  2:45  Metabolic Boost  
  23  2:48  Drone  
  23  3:10  Drone  
  23  3:11  Drone  
  25  3:19  Roach  
  27  3:24  Hatchery  
  25  3:44  Drone  
  25  3:45  Zergling x2  
  25  3:46  Roach x2  
  31  3:57  Queen  
  31  3:59  Roach  
  35  4:05  Roach  
  37  4:37  Roach x2  
  37  4:38  Roach  
  43  5:09  Overlord x5  
  43  5:25  Glial Reconstitution  
  43  5:30  Roach x3  
  43  5:31  Roach x4  
  43  5:33  Ravager  
  43  5:35  Ravager x4  
  62  5:45  Roach x3  
  62  5:46  Zergling x4  
  69  6:20  Roach x4  
  69  6:21  Overlord, Roach x3  
  69  6:22  Overlord  
  69  6:55  Roach x6  
  77  7:07  Roach x2  
  79  7:12  Ravager  
  80  7:21  Roach x2  
  84  7:29  Roach x2  
  88  7:32  Zergling x2  
  89  7:49  Roach x3  
  95  8:04  Queen  
  92  8:28  Spine Crawler x2  
  92  8:30  Spine Crawler  
Tags
 
Add a new tag
Caveats
  • Supply blocks, unpowered buildings, or Contaminate may cause inaccurate times.
  • Supply counts are checked every 10 seconds.